 Dungeon Crawl Stone Soup version 0.18-a0-1196-g09327cf (webtiles) character file.

67 Reinor the Conjurer (level 4, -2/24 HPs)
             Began as a Tengu Fire Elementalist on Jan 30, 2016.
             Slain by Robin
             ... wielding a +0 mace
              (5 damage)
             ... on level 2 of the Dungeon.
             The game lasted 00:08:37 (1080 turns).

Reinor the Conjurer (Tengu Fire Elementalist)       Turns: 1080, Time: 00:08:37

Health: -2/24      AC:  2    Str:  9    XL:     4   Next: 16%
Magic:  1/8        EV: 15    Int: 16    God:
Gold:   49         SH:  0    Dex: 14    Spells: 3 memorised, 1 level left

rFire  . . .     SeeInvis +     d - +3 dagger
rCold  . . .     Gourm    .     a - +0 robe
rNeg   . . .     Faith    .     (no shield)
rPois  .         Spirit   .     (helmet restricted)
rElec  .         Dismiss  .     (no cloak)
rCorr  .         Reflect  .     (no gloves)
SustAt .         Harm     .     (boots unavailable)
MR     .....                    (no amulet)
Stlth  ++........               g - ring of see invisible
                                e - +3 ring of evasion

@: not resistant to hostile enchantments, unstealthy
A: beak, talons 3
a: no special abilities


You were on level 2 of the Dungeon.
You were hungry.

You visited 1 branch of the dungeon, and saw 2 of its levels.

You collected 49 gold pieces.

Inventory:

Hand Weapons
 d - a +3 dagger (weapon)
Armour
 a - a +0 robe (worn)
Jewellery
 e - a +3 ring of evasion (left hand)
 g - a ring of see invisible (right hand)
Scrolls
 h - a scroll of identify
 j - a scroll of teleportation
Books
 b - a book of Flames

   Spells                             Type                      Level
   a - Flame Tongue                   Conjuration/Fire             1
   b - Throw Flame                    Conjuration/Fire             2
   c - Conjure Flame                  Conjuration/Fire             3
   d - Inner Flame                    Hexes/Fire                   3
   e - Sticky Flame                   Conjuration/Fire             4
   f - Fireball                       Conjuration/Fire             5
Comestibles
 c - 2 bread rations


   Skills:
 - Level 2.1 Dodging
 - Level 2.0 Stealth
 - Level 0.4 Unarmed Combat
 - Level 2.0 Spellcasting
 + Level 5.0 Conjurations
 - Level 3.2 Fire Magic


You had one spell level left.
You knew the following spells:

 Your Spells              Type           Power        Failure   Level  Hunger
a - Flame Tongue          Conj/Fire      ##...        4%          1    #......
b - Throw Flame           Conj/Fire      ##....       8%          2    ###....
c - Conjure Flame         Conj/Fire      ##......     12%         3    ###....


Dungeon Overview and Level Annotations

Branches:
Dungeon (2/15)

Altars:
Elyvilon
Okawaru
Qazlal

Annotations:
D:2 Robin


Innate Abilities, Weirdness & Mutations

You have a beak for a mouth.
You have claws for feet.


Message History

Robin drinks a potion.
Robin is healed!
You hit Robin.
Robin is heavily wounded.
The goblin shoots a stone.
The stone hits you but does no damage. Robin hits you with a mace.
* * * LOW HITPOINT WARNING * * *
You hit Robin but do no damage. You claw Robin, but do no damage.
Robin is heavily wounded.
The goblin shoots a stone.
The stone misses you. Robin throws the goblin at you!
You hit Robin.
Robin is heavily wounded.
The goblin unwields an uncursed hunting sling.
The goblin misses you.
The goblin shoots a stone.
The stone hits you but does no damage.
Robin says, "My army is invincible!"
Robin roars a battlecry!
The goblin goes into a battle-frenzy!
Robin hits you with a mace.
You die...

#....... .. #..<.... ...
#....... .._ ..... #.......
.... #....# #######.......
##...##.....#####.>.....##..##
..................########..##
#......#.####.g...# #....
#...)......##@#..## #..#.
#......##r(g.#.## #..##
#..........g.<.# #..##
##.##...####..## #..##
..####(##..#####...# #.###
#.#rgg(g...# #...#.# #.#..
....#.###.## #.###..) #...#
..>##.# #.####.# #### ..#
..###.# #...#..# .


You could see Robin, 2 goblins and a rat.

Vanquished Creatures
  2 adders
  An ooze (D:1)
  2 giant geckos
  A ball python (D:1)
  A giant cockroach (D:2)
  6 goblins
  11 hobgoblins
  4 jackals (D:1)
  4 kobolds
  4 bats (D:1)
  A rat (D:1)
37 creatures vanquished.

Notes
Turn   | Place    | Note
--------------------------------------------------------------
     0 | D:1      | Reinor the Tengu Fire Elementalist began the quest for the Orb.
     0 | D:1      | Reached XP level 1. HP: 10/10 MP: 4/4
    94 | D:1      | Reached XP level 2. HP: 1/15 MP: 0/6
   138 | D:1      | Learned a level 2 spell: Throw Flame
   567 | D:1      | Reached XP level 3. HP: 12/19 MP: 0/7
   723 | D:1      | Reached skill level 4 in Conjurations
   735 | D:2      | Learned a level 1 spell: Flame Tongue
   739 | D:2      | Learned a level 3 spell: Conjure Flame
   794 | D:2      | Found a stormy altar of Qazlal.
   794 | D:2      | Found a white marble altar of Elyvilon.
  1032 | D:2      | Reached XP level 4. HP: 24/24 MP: 6/8
  1038 | D:2      | Noticed Robin
  1039 | D:2      | Reached skill level 5 in Conjurations
  1068 | D:2      | Found an iron altar of Okawaru.
  1080 | D:2      | Slain by Robin

Vault maps used:
D:1:      dpeg_arrival_signposts
D:2:      lemuel_upstairs_altar, gammafunk_temple_overflow_claw,
          okawaru_gym_becter, uniq_robin, uniq_natasha, uniq_iyjb

Action                   |  1- 3 |  4- 6 || total
-------------------------+-------+-------++-------
Melee: Unarmed           |    13 |       ||    13
       Club              |     3 |       ||     3
       Dagger            |    30 |    10 ||    40
 Cast: Flame Tongue      |    34 |    11 ||    45
       Throw Flame       |     2 |       ||     2
  Use: Scroll            |     6 |       ||     6
 Stab: Sleeping          |     1 |       ||     1
  Eat: Chunk             |     1 |       ||     1
